 Dungeon Crawl Stone Soup version 0.23-a0-837-ga3e6480 (console) character file.

17 Duffy the Skirmisher (level 2, -5/28 HPs)
             Began as a Naga Fighter on Jan 24, 2019.
             Slain by Natasha (8 damage)
             ... on level 2 of the Dungeon.
             The game lasted 00:00:30 (374 turns).

Duffy the Skirmisher (Naga Fighter)                  Turns: 374, Time: 00:00:30

Health: -5/28      AC:  5    Str: 18    XL:     2   Next: 62%
Magic:  2/2        EV:  5    Int:  8    God:
Gold:   26         SH:  9    Dex: 12    Spells: 1/1 levels left

rFire    . . .     SeeInvis +   a - +0 war axe
rCold    . . .     Gourm    .   c - +0 shield
rNeg     . . .     Faith    .   b - +0 scale mail
rPois    +         Spirit   .   (no helmet)
rElec    .         Reflect  .   (no cloak)
rCorr    .         Harm     .   e - +0 pair of gloves
MR       .....                  (no barding)
Stlth    ..........             (no amulet)
HPRegen  0.09/turn              h - +2 ring of dexterity
MPRegen  0.08/turn              (no ring)

@: short of breath, very slow
A: large, see invisible, deformed body, poison resistance, slowness 2, slow
metabolism 1, spit poison 1, AC +0
a: Spit Poison


You were on level 2 of the Dungeon.
You were not hungry.

You visited 1 branch of the dungeon, and saw 2 of its levels.

You collected 26 gold pieces.

Inventory:

Hand Weapons
 a - a +0 war axe (weapon)
Armour
 b - a +0 scale mail (worn)
 c - a +0 shield (worn)
 e - a +0 pair of gloves (worn)
Jewellery
 h - a +2 ring of dexterity (left hand)
Scrolls
 i - a scroll of random uselessness {unknown}
 j - a scroll of blinking {unknown}
Potions
 d - a potion of might
Comestibles
 f - 2 rations
 g - 4 chunks of flesh


   Skills:
 - Level 3.0 Fighting
 + Level 2.6 Axes
 - Level 2.4 Armour
 + Level 2.8 Shields


You had one spell level left.
You didn't know any spells.
Your spell library was empty.

Dungeon Overview and Level Annotations

Branches:
Dungeon (2/15)

Altars:

Annotations:
D:2 Natasha


Innate Abilities, Weirdness & Mutations

You cannot wear boots.
Your serpentine skin is tough. (AC +0)
You have supernaturally acute eyesight. (SInv)
Armour fits poorly on your strangely shaped body.
Your system is resistant to poisons. (rPois)
You cover ground very slowly.
You have a slow metabolism.
You can spit poison.


Message History

Natasha is moderately wounded.
You hit the white imp. The white imp gestures at you.
The puff of frost hits you. Natasha claws you.
You block the white imp's attack. Natasha claws you.
Press: ? - help, Shift-Dir - straight line, f - Natasha
Aim: Natasha (moderately wounded)
The splash of poison misses Natasha.
The splash of poison hits the crimson imp.
The crimson imp is poisoned.
The crimson imp is lightly wounded.
You feel slightly more hungry.
The white imp hits you but does no damage.
Natasha claws you.
Your shield and scale mail prevent you from hitting Natasha.
Natasha is moderately wounded.
You barely miss the white imp. The white imp gestures at you.
The puff of frost hits you. Natasha claws you!
You die...

.##...###.#####..
..... #.## #
#...###..####....
#................
#......)####....
###...### . #...#
.#######.##
.....5h@5#
.....K#### .....
.... ... .? .


You could see Natasha, a crimson imp, a white imp and a kobold.

Vanquished Creatures
  An ooze (D:1)
  A giant cockroach (D:1)
  3 hobgoblins (D:1)
  A bat (D:1)
  2 frilled lizards (D:1)
  4 kobolds (D:1)
  3 rats (D:1)
15 creatures vanquished.

Notes
Turn   | Place    | Note
-------+----------+-------------------------------------------
     0 | D:1      | Duffy the Naga Fighter began the quest for the Orb.
     0 | D:1      | Reached XP level 1. HP: 21/21 MP: 1/1
   106 | D:1      | Reached XP level 2. HP: 17/28 MP: 2/2
   362 | D:2      | Noticed Natasha
   366 | D:2      | Noticed a crimson imp
   374 | D:2      | Slain by Natasha

Vault maps used:
D:1:      evilmike_arrival_rings
D:2:      lemuel_upstairs_altar, nicolae_tso_swordbearing_angel,
          marbit_many_paths, eat_drink_and_be_merry_uskayaw, uniq_natasha,
          uniq_jessica

Action                   || total
-------------------------++-------
Melee: War axe           ||    43
 Abil: Spit Poison       ||     1
Armor: Scale mail        ||    22
Dodge: Dodged            ||    13
Block: Shield            ||    23

Table legend:
 A = Non-vault XP
 B = Vault XP
 C = Vault XP percentage of total XP
 D = Non-vault monster count
 E = Vault monster count
 F = Vault count percentage of total count
                 A         B        C        D         E       F
            +---------+---------+-------+---------+---------+-------
      Total |      25 |       0 |   0.0 |      15 |       0 |   0.0
            +---------+---------+-------+---------+---------+-------
        D:1 |      25 |       0 |   0.0 |      15 |       0 |   0.0
            +---------+---------+-------+---------+---------+-------
